 Dungeon Crawl Stone Soup version 0.22.1 (webtiles) character file.

12317 MalarOregon the Cleaver (level 11, -1/101 HPs)
             Began as a Hill Orc Fighter on Sept 18, 2018.
             Was a Priest of Makhleb.
             Hit by a javelin of returning thrown by a minotaur (15 damage)
             ... in a labyrinth.
             The game lasted 00:24:06 (13212 turns).

MalarOregon the Cleaver (Hill Orc Fighter)         Turns: 13212, Time: 00:24:06

Health: -1/101     AC: 18    Str: 20    XL:     11   Next: 91%
Magic:  13/13      EV:  5    Int: 16    God:    Makhleb [***...]
Gold:   279        SH: 11    Dex: 10    Spells: 10/10 levels left

rFire    . . .     SeeInvis .   F - +0 broad axe
rCold    . . .     Gourm    .   c - +0 shield
rNeg     . . .     Faith    .   y - +0 plate armour
rPois    .         Spirit   .   j - +0 helmet
rElec    .         Reflect  .   M - +0 cloak
rCorr    .         Harm     .   (no gloves)
MR       .....     Rnd*Tele +   m - +0 pair of boots
Stlth    ..........             (no amulet)
HPRegen  0.26/turn              (no ring)
MPRegen  0.13/turn              p - ring of teleportation

@: brilliant
A: no striking features
a: Minor Destruction, Lesser Servant of Makhleb, Renounce Religion


You were in a labyrinth.
You worshipped Makhleb.
Makhleb was most pleased with you.
You were not hungry.

You visited 2 branches of the dungeon, and saw 12 of its levels.
You also visited: Labyrinth.

You collected 532 gold pieces.
You spent 253 gold pieces at shops.

Inventory:

Hand Weapons
 a - a +0 war axe
 b - the +4 hand crossbow of Death's Door {freeze, rElec Int+4, unknown}
   (You found it in a labyrinth)

   It causes projectiles fired from it to freeze those they strike, causing
   extra injury to most foes and up to half again as much damage against
   particularly susceptible opponents.
   They can also slow down cold-blooded creatures.
   It affects your intelligence (+4).
   It insulates you from electricity.
 u - a +1 hand axe of flaming
   (You took it off an orc on level 9 of the Dungeon)
 F - a +0 broad axe (weapon)
   (You found it on level 5 of the Dungeon)
Armour
 c - a +0 shield (worn)
 g - a +0 large shield
   (You found it on level 1 of the Dungeon)
 h - +0 ice dragon scales
   (You found it on level 11 of the Dungeon)
 j - a +0 helmet (worn)
   (You found it on level 1 of the Dungeon)
 m - a +0 pair of boots (worn)
   (You found it on level 1 of the Dungeon)
 y - a +0 plate armour (worn)
   (You found it on level 4 of the Dungeon)
 M - a +0 cloak (worn)
   (You found it on level 9 of the Dungeon)
Jewellery
 d - an uncursed ring of ice {unknown}
   (You found it on level 5 of the Dungeon)
 p - a ring of teleportation (right hand)
   (You found it on level 1 of the Dungeon)
 r - an uncursed ring of fire
   (You took it off a goblin on level 2 of the Dungeon)
 A - an uncursed amulet of the gourmand
   (You found it on level 4 of the Dungeon)
 G - an uncursed amulet of the gourmand
   (You found it on level 5 of the Dungeon)
 I - an uncursed amulet of faith {unknown}
   (You found it on level 10 of the Dungeon)
 N - an uncursed amulet of the acrobat {unknown}
   (You found it in a labyrinth)
Wands
 t - a wand of flame (66)
   (You took it off Dowan on level 7 of the Dungeon)
 O - a wand of polymorph (17)
   (You found it in a labyrinth)
Scrolls
 f - 2 scrolls of blinking {unknown}
 i - a scroll of immolation {!r}
 n - a scroll of magic mapping
 o - 2 scrolls of fog
 q - a scroll of noise {unknown}
 s - 5 scrolls of identify {@r1}
 v - a scroll of amnesia {unknown}
 x - 3 scrolls of teleportation {@r4}
 z - 2 scrolls of remove curse {@r2}
 D - a scroll of random uselessness {unknown}
 H - a scroll of enchant armour {unknown}
 L - a scroll of enchant weapon {unknown}
Potions
 k - 3 potions of mutation {!q}
 l - 2 potions of lignification {!q}
 w - 5 potions of curing {@q1}
 B - a potion of cancellation
 C - 4 potions of resistance
 E - a potion of flight
 K - 2 potions of magic
Comestibles
 e - 20 rations {!d}


   Skills:
 + Level 10.4 Fighting
 * Level 14.5 Axes
 + Level 9.7 Armour
 + Level 9.6 Shields
 + Level 3.1 Invocations
 + Level 2.2 Evocations


You had 10 spell levels left.
You didn't know any spells.
Your spell library contained the following spells:

 Spells                   Type           Power        Failure   Level  Hunger
 Confusing Touch          Hex            #.....       58%         1    ##.....
 Corona                   Hex            #......      58%         1    ##.....
 Ensorcelled Hibernation  Hex/Ice        #.....       71%         2    ###....
 Confuse                  Hex            #.......     88%         3    ####...
 Dazzling Spray           Conj/Hex       #.....       88%         3    ####...
 Gell's Gravitas          Tloc           #.........   88%         3    ####...
 Tukima's Dance           Hex            #.......     88%         3    ####...
 Petrify                  Tmut/Erth      #.......     99%         4    #####..
 Metabolic Englaciation   Hex/Ice        #.........   100%        5    ######.
 Yara's Violent Unravell  Hex/Tmut       #.........   100%        5    ######.


Dungeon Overview and Level Annotations

Branches:
Dungeon (11/15)            Temple (1/1) D:6            Lair (0/6) D:11
    Orc: D:9-12

Altars:
Ashenzari
Cheibriados
Dithmenos
Elyvilon
Fedhas
Gozag
Hepliaklqana
Kikubaaqudgha
Makhleb
Nemelex Xobeh
Okawaru
Qazlal
Ru
Sif Muna
Trog
Uskayaw
Vehumet
Wu Jian
Xom
Yredelemnul
Zin
The Shining One

Shops:
D:8 !


Message History

The minotaur headbutts you, but does no damage.
You block the minotaur's attack. The minotaur gores you!
You barely miss the minotaur.
The minotaur furiously retaliates!
The minotaur headbutts you.
* * * LOW HITPOINT WARNING * * *
Your hellwing hits the minotaur!
Your hellwing barely misses the minotaur.
The minotaur hits your hellwing but does no damage.
The minotaur gores your hellwing but does no damage.
A demon appears!
Your hellwing hits the minotaur but does no damage. x2
The minotaur barely misses your hellwing.
The minotaur gores your hellwing!
You slash the minotaur!
Your hellwing hits the minotaur but does no damage.
Your hellwing hits the minotaur. The minotaur hits you!
* * * LOW HITPOINT WARNING * * *
You block the minotaur's attack.
Your hellwing hits the minotaur!
Your hellwing hits the minotaur but does no damage.
The minotaur throws a javelin of returning.
You block the javelin of returning.
The weapon returns to the minotaur!
You swap places.
Your ynoxinul gestures.
Your hellwing hits the minotaur.
Your hellwing hits the minotaur but does no damage.
The minotaur throws a javelin of returning.
The javelin of returning hits your ufetubus!!!
Your ufetubus dies!
The weapon returns to the minotaur!
Your hellwing barely misses the minotaur.
Your hellwing hits the minotaur.
The minotaur throws a javelin of returning.
The javelin of returning hits your ynoxinul!!
The weapon returns to the minotaur!
Your ynoxinul closely misses the minotaur.
The minotaur furiously retaliates!
The minotaur headbutts your ynoxinul.
Your ynoxinul dies!
Your ufetubus disappears in a puff of smoke!
Your hellwing hits the minotaur but does no damage. x2
The minotaur throws a javelin of returning.
The javelin of returning hits you!
* * * LOW HITPOINT WARNING * * *
The weapon returns to the minotaur!
A demon appears!
Your hellwing hits the minotaur but does no damage.
Your hellwing barely misses the minotaur.
The minotaur throws a javelin of returning.
The javelin of returning hits you!
You die...

.... #.
#...▓ #.#
.## .#
#.##▓ .. #
.#...#.▓ #
## ###.#
#<▓ ...
...#.#.#.▓
# #. . .##
.###H▓ .
.# # .
#.4.▓ # #
### .
####.▓ # .
.# ....#@▓
#. # ##
##.#.▓ ...
. #.3.▓
#.#.▓ #
#.#.▓ #
###.▓ ..▓
##▓


You could see a minotaur, a friendly hellwing and a friendly neqoxec.

Vanquished Creatures
  Erolcha (D:11)
  3 two-headed ogres
  An ugly thing (D:11)
  Psyche (D:9)
  2 gargoyles (D:11)
  3 trolls
  Prince Ribbit (D:5)
  Grinder (D:5)
  A redback (Lab)
  3 yaks (D:11)
  Eustachio (D:6)
  2 basilisks (Lab)
  Menkaure (D:5)
  3 wargs (D:11)
  Duvessa (D:7)
  3 black bears
  3 orc warriors
  5 ice beasts
  3 necrophages
  2 phantoms
  2 sky beasts
  6 ogres
  A centaur (D:8)
  A big kobold (D:7)
  A crocodile (D:6)
  2 bullfrogs
  A wyvern zombie (D:8)
  Dowan (D:7)
  3 killer bees (D:9)
  11 wights
  An electric eel (D:8)
  A howler monkey (D:4)
  2 bullfrog zombies
  2 crimson imps
  A centaur zombie (D:5)
  4 lava snakes (Lab)
  A quasit (D:8)
  10 orc wizards
  3 bullfrog skeletons (D:11)
  5 jellies
  6 orc priests
  7 hounds
  3 iguanas
  5 centaur skeletons
  Terence (D:3)
  Natasha (thrice) (D:3)
  Ijyb (D:3)
  6 worker ants
  A hound zombie (D:7)
  2 hound skeletons (D:8)
  2 worker ant zombies
  6 adders
  4 gnolls (D:4)
  A shadow imp (D:5)
  6 oozes
  3 adder skeletons
  An adder zombie (D:6)
  2 worms (D:2)
  A dart slug (D:1)
  7 leopard geckos
  38 orcs
  5 giant cockroaches
  9 goblins
  8 hobgoblins
  16 jackals
  5 quokkas
  6 bats
  7 frilled lizards
  16 kobolds
  13 rats
291 creatures vanquished.

Notes
Turn   | Place    | Note
-------+----------+-------------------------------------------
     0 | D:1      | MalarOregon the Hill Orc Fighter began the quest for the
                  | Orb.
     0 | D:1      | Reached XP level 1. HP: 19/19 MP: 1/1
     5 | D:1      | Noticed a merfolk zombie
    16 | D:1      | Noticed a minotaur zombie
    94 | D:1      | Reached skill level 3 in Axes
   422 | D:1      | Reached XP level 2. HP: 27/27 MP: 2/2
   602 | D:1      | Reached XP level 3. HP: 33/33 MP: 3/3
   979 | D:2      | Reached skill level 4 in Axes
   979 | D:2      | Reached XP level 4. HP: 27/40 MP: 4/4
  1546 | D:3      | Noticed Natasha
  1562 | D:3      | Killed Natasha
  1728 | D:3      | Reached XP level 5. HP: 39/47 MP: 5/5
  1775 | D:3      | Found a deep blue altar of Sif Muna.
  1790 | D:3      | Noticed Natasha
  1799 | D:3      | Killed Natasha
  1799 | D:3      | Reached skill level 5 in Axes
  1888 | D:3      | Noticed Natasha
  1889 | D:3      | Found a sparkling altar of Nemelex Xobeh.
  1893 | D:3      | Killed Natasha
  2285 | D:3      | Noticed Ijyb
  2295 | D:3      | Killed Ijyb
  2295 | D:3      | Reached XP level 6. HP: 48/53 MP: 6/6
  2513 | D:3      | Noticed Terence
  2536 | D:3      | Killed Terence
  3209 | D:4      | Reached skill level 5 in Fighting
  3236 | D:4      | Reached skill level 6 in Axes
  3431 | D:4      | Reached XP level 7. HP: 19/61 MP: 7/7
  3472 | D:4      | Reached skill level 5 in Armour
  3872 | D:5      | Entered Level 5 of the Dungeon
  3880 | D:5      | Reached skill level 5 in Shields
  4036 | D:5      | Noticed Grinder
  4056 | D:5      | Killed Grinder
  4056 | D:5      | Reached skill level 7 in Axes
  4207 | D:5      | Noticed a troll
  4221 | D:5      | Killed a troll
  4221 | D:5      | Reached XP level 8. HP: 20/70 MP: 8/8
  4222 | D:5      | Reached skill level 8 in Axes
  4458 | D:5      | Noticed Menkaure
  4466 | D:5      | Killed Menkaure
  4699 | D:5      | Noticed Prince Ribbit
  4903 | D:5      | Killed Prince Ribbit
  5007 | D:5      | Reached skill level 9 in Axes
  5202 | D:6      | Found a blossoming altar of Fedhas.
  5258 | D:6      | Noticed Eustachio
  5271 | D:6      | Found a staircase to the Ecumenical Temple.
  5323 | Temple   | Entered the Ecumenical Temple
  5345 | Temple   | Became a worshipper of Makhleb the Destroyer
  5510 | D:6      | Killed Eustachio
  5510 | D:6      | Reached XP level 9. HP: 60/79 MP: 9/9
  6017 | D:6      | Found a shattered altar of Ashenzari.
  6217 | D:6      | Reached skill level 10 in Axes
  7145 | D:7      | Noticed Duvessa
  7150 | D:7      | Noticed Dowan
  7162 | D:7      | Killed Dowan
  7176 | D:7      | Killed Duvessa
  7606 | D:7      | Found a glowing silver altar of Zin.
  7825 | D:8      | Reached skill level 11 in Axes
  8116 | D:8      | Reached * piety under Makhleb
  8276 | D:8      | Reached XP level 10. HP: 85/85 MP: 10/10
  8705 | D:8      | Found Nezxar's Distillery.
  8711 | D:8      | Bought a potion of degeneration for 11 gold pieces
  8712 | D:8      | Bought a potion of ambrosia for 88 gold pieces
  8712 | D:8      | Bought a potion of agility for 44 gold pieces
  8712 | D:8      | Bought a potion of resistance for 110 gold pieces
  9316 | D:9      | Reached skill level 12 in Axes
  9721 | D:9      | Reached ** piety under Makhleb
 10349 | D:9      | Found a shimmering altar of Xom.
 10354 | D:9      | Noticed Psyche
 10356 | D:9      | Found a basalt altar of Yredelemnul.
 10361 | D:9      | Killed Psyche
 10475 | D:10     | Entered Level 10 of the Dungeon
 10676 | D:10     | Noticed a two-headed ogre
 10688 | D:10     | Killed a two-headed ogre
 11001 | D:10     | Reached skill level 13 in Axes
 11175 | D:10     | Noticed a two-headed ogre
 11183 | D:10     | Killed a two-headed ogre
 11183 | D:10     | Reached XP level 11. HP: 67/97 MP: 11/11
 11773 | D:11     | Noticed Erolcha
 11774 | D:11     | Noticed a two-headed ogre
 11853 | D:11     | Reached skill level 10 in Fighting
 11887 | D:11     | Found a staircase to the Lair.
 11907 | D:11     | Reached *** piety under Makhleb
 11930 | D:11     | Killed a two-headed ogre
 11930 | D:11     | Reached skill level 14 in Axes
 11930 | D:11     | Reached skill level 1 in Invocations
 11936 | D:11     | Reached skill level 1 in Evocations
 11949 | D:11     | Noticed a cyan ugly thing
 11971 | D:11     | Killed a cyan ugly thing
 12101 | D:11     | Killed Erolcha
 12286 | D:11     | Found a labyrinth entrance.
 12303 | Lab      | Entered a labyrinth
 12627 | Lab      | Got an iridescent hand crossbow
 13192 | Lab      | Noticed a minotaur
 13212 | Lab      | Hit by a javelin of returning thrown by a minotaur

Skill      XL: |  1  2  3  4  5  6  7  8  9 10 11 |
---------------+----------------------------------+-----
Axes           | 3 4 5 6 7 9 11 13 14 | 14.5
Fighting       | 4 5 6 7 8 9 10 | 10.4
Armour         | 4 5 6 7 8 9 |  9.7
Shields        | 4 5 6 7 8 9 |  9.6
Invocations    | 3 |  3.1
Evocations     | 2 |  2.2

Action                   |  1- 3 |  4- 6 |  7- 9 | 10-12 || total
-------------------------+-------+-------+-------+-------++-------
Melee: War axe           |   150 |   234 |    44 |       ||   428
       Broad axe         |       |       |   374 |   515 ||   889
Invok: Lesser Servant of |       |       |       |     3 ||     3
Evoke: Wand              |       |       |       |     5 ||     5
  Use: Potion            |       |       |     8 |    13 ||    21
       Scroll            |       |       |    10 |     4 ||    14
 Stab: Invisible         |       |       |     6 |       ||     6
       Paralysed         |       |       |       |     3 ||     3
  Eat: Chunk             |     1 |     7 |    14 |    13 ||    35
       Ration            |       |       |     1 |     1 ||     2
Armor: Scale mail        |    58 |    98 |       |       ||   156
       Plate armour      |       |    23 |   345 |   263 ||   631
Dodge: Dodged            |    48 |    62 |   102 |    85 ||   297
Block: Shield            |    78 |   135 |   262 |   278 ||   753
